 Dungeon Crawl Stone Soup version 0.31-a0-227-ga22c3bf811 (webtiles) character file.

Game seed: 5273693943902687917

22261 Maciety the Severer (level 12, 0/101 (110) HPs)
             Began as a Hill Orc Fighter on July 6, 2023.
             Was the Champion of Okawaru.
             Slain by a spectral fenstrider witch (8 damage)
             ... called from beyond by a ghost crab
             ... on level 1 of the Swamp.
             The game lasted 00:53:27 (11190 turns).

Maciety the Severer (Hill Orc Fighter)             Turns: 11190, Time: 00:53:28

HP:   0/101 (110)   AC: 19    Str: 27    XL:     12   Next: 98%
MP:   12/12         EV: 32    Int: 11    God:    Okawaru [******]
Gold: 1147          SH:  0    Dex: 10    Spells: 11/11 levels left

rFire   + . .        U - +5 battleaxe
rCold   + + .        (shield currently unavailable)
rNeg    . . .        J - +9 ring mail of Wu Jian's Wrath {rC+ Int+3}
rPois   +            t - +0 helmet
rElec   +            T - +0 cloak {rPois}
rCorr   +            B - +1 pair of gloves of Disappointment {Will- Regen+ rCorr}
SInv    +            L - +0 pair of boots
Will    .....        M - amulet "Ruihoe" {Acrobat Will+ Str+3 SInv}
Stlth   +            p - +5 ring of evasion
HPRegen 1.16/turn    q - ring of poison resistance
MPRegen 0.13/turn

%: acrobat
@: resistant, corroded, acrobatic, drained
A: no striking features
a: Renounce Religion, Heroism, Finesse, Duel


You were on level 1 of the Swamp.
You worshipped Okawaru.
Okawaru was exalted by your worship.
You visited 3 branches of the dungeon, and saw 12 of its levels.

You collected 1147 gold pieces.

Inventory:

Hand Weapons
 A - the +10 short sword "Gemest" {venom, MP+9}
   (You found it on level 5 of the Dungeon)

   MP:        It affects your magic capacity (+9).
 S - a +0 orcbow
 U - a +5 battleaxe (weapon)
Missiles
 c - a throwing net
 g - 100 stones
 I - 4 boomerangs
 Y - 6 silver javelins (quivered)
Armour
 a - a scarf of harm
 b - the +1 plate armour "Riwnep" {rPois}
   (Okawaru gifted it to you on level 10 of the Dungeon)

   rPois:     It protects you from poison.
 t - a +0 helmet (worn)
 B - the +1 pair of gloves of Disappointment (worn) {Will- Regen+ rCorr}
   (You found it on level 5 of the Dungeon)

   Regen:     It increases your rate of health regeneration.
   rCorr:     It protects you from acid and corrosion.
   Will:      It decreases your willpower.
 J - the +9 ring mail of Wu Jian's Wrath (worn) {rC+ Int+3}
   (You found it on level 2 of the Lair of Beasts)

   Int:       It affects your intelligence (+3).
   rC:        It protects you from cold.
 L - a +0 pair of boots (worn)
 T - a +0 cloak of poison resistance (worn)
Magical Staves
 o - a staff of air
 F - a staff of poison
Jewellery
 p - a +5 ring of evasion (left hand)
 q - a ring of poison resistance (right hand)
 E - a ring of magical power
 M - the amulet "Ruihoe" (around neck) {Acrobat Will+ Str+3 SInv}
   (You found it on level 1 of the Lair of Beasts)

   [amulet of the acrobat]

   It increases your evasion while moving and waiting.
   Str:       It affects your strength (+3).
   SInv:      It lets you see invisible.
   Will:      It increases your willpower.
Wands
 v - a wand of digging (5)
 R - a wand of iceblast (7)
 X - a wand of mindburst (21)
Scrolls
 e - 5 scrolls of teleportation {unknown}
 f - a scroll of enchant weapon {unknown}
 i - a scroll of summoning {unknown}
 k - 2 scrolls of blinking {unknown}
 l - 4 scrolls of vulnerability {unknown}
 n - 3 scrolls of fear {unknown}
 s - a scroll of poison {unknown}
 w - a scroll of acquirement {unknown}
 x - 4 scrolls of amnesia {unknown}
 y - 7 scrolls of identify {unknown}
 C - a scroll of immolation {unknown}
 O - 3 scrolls of noise {unknown}
 P - 2 scrolls of revelation {unknown}
 Q - a scroll of silence {unknown}
 Z - a scroll of enchant armour {unknown}
Potions
 d - a potion of might
 h - 2 potions of invisibility {unknown}
 j - 4 potions of heal wounds {unknown}
 m - 2 potions of curing
 r - 5 potions of mutation {unknown}
 u - a potion of berserk rage {unknown}
 z - 4 potions of lignification {unknown}
 D - 2 potions of enlightenment {unknown}
 G - 3 potions of cancellation {unknown}
 H - a potion of resistance
 W - a potion of brilliance {unknown}


   Skills:
 + Level 11.1 Fighting
 + Level 7.5 Short Blades
 + Level 17.3 Axes
 + Level 11.0 Armour
 + Level 4.0 Dodging
 + Level 1.8 Stealth
 + Level 5.7 Shields
 + Level 0.3 Invocations
 + Level 1.1 Evocations


You had 11 spell levels left.
You didn't know any spells.
Your spell library contained the following spells:

 Spells                   Type           Power      Damage    Failure   Level
 Beastly Appendage        Tmut           0%         N/A       43%         1
 Necrotise                Necr           0%         1d4       43%         1
 Wereblood                Tmut           0%         N/A       58%         2
 Ozocubu's Armour         Ice            0%         N/A       82%         3
 Spider Form              Tmut/Pois      0%         N/A       82%         3
 Vampiric Draining        Necr           0%         2d6       82%         3
 Vhi's Electric Charge    Tloc/Air       0%         N/A       82%         3
 Agony                    Necr           0%         N/A       100%        5
 Arcjolt                  Conj/Air       0%         1d10      100%        5
 Iskenderun's Battlesphe  Conj           0%         2d6       100%        5
 Leda's Unmaking          Conj/Erth      0%         9d1       100%        6
 Plasma Beam              Fire/Air       0%         2x1d10    100%        6
 Ozocubu's Refrigeration  Ice            0%         4d7       100%        7
 Summon Small Mammal      Summ           Unusable   N/A       N/A         1
 Call Canine Familiar     Summ           Unusable   N/A       N/A         3
 Summon Guardian Golem    Hex/Summ       Unusable   N/A       N/A         3
 Spellforged Servitor     Conj/Summ      Unusable   N/A       N/A         7

Dungeon Overview and Level Annotations

Branches:
Dungeon (10/15)              Lair (2/5) D:10          Swamp (1/4) Lair:2
 Temple: D:4-7        Snake: Lair:2-3    Spider: Lair:2-3       Orc: D:9-12

Altars:
Cheibriados
Dithmenos
Makhleb
Okawaru

Shops:
D:5 [   D:10 =

Annotations:
D:10 1 runed translucent door


Message History

The spectral six-headed hydra completely misses you.
The spectral six-headed hydra bites you but does no damage.
The spectral six-headed hydra completely misses you.
The spectral six-headed hydra barely misses you.
The spectral six-headed hydra bites you but does no damage.
The spectral six-headed hydra closely misses you.
The spectral fenstrider witch attacks as you move away!
The spectral fenstrider witch hits you but does no damage.
The spectral fenstrider witch kicks you but does no damage.
You enter the shallow water.
Moving in this stuff is going to be slow.
The spectral spriggan berserker completely misses you.
The swamp dragon breathes poison at you.
The blast of poison engulfs the ghost crab.
The ghost crab completely resists.
The spectral death drake barely misses you.
You hear a shout!
The spectral fenstrider witch hits you but does no damage.
The spectral fenstrider witch kicks you but does no damage.
The spectral spriggan berserker barely misses you.
The ghost crab breathes spectral mist at you.
The spectral mist engulfs you but does no damage.
The spectral death drake completely misses you.
Really walk into that cloud of spectral mist?
The spectral fenstrider witch attacks as you move away!
The spectral fenstrider witch hits you.
* * * LOW HITPOINT WARNING * * *
You feel drained.
* * * LOW HITPOINT WARNING * * *
The spectral fenstrider witch completely misses you.
You are engulfed in spectral mist.
* * * LOW HITPOINT WARNING * * *
The spectral spriggan berserker fades away!
The spectral fenstrider witch closely misses you.
The spectral fenstrider witch misses you.
The spectral fenstrider witch attacks as you move away!
The spectral fenstrider witch hits you.
* * * LOW HITPOINT WARNING * * *
The spectral fenstrider witch kicks you!
You die...

♣♣§~~~~~.~....♣
♣~~~).!~~~~~~~~
♣...♣~.~♣~.~~~
♣♣.~.~~<~~~.§§~~
♣.~~.~~~....~~~.
♣~~~~~..♣♣♣.~~~§
♣♣.~~..☼♣.☼......
♣.[~~.~§☼○♣♣♣....
♣.~...ZZ@♣♣ ...
♣.~.~°°ZZ♣ ♣~.
♣♣♣♣.~♣~~t°♣♣
♣.....°Z.°°♣
..~~~.~°D°.♣
.~~~...○..♣♣
..§~~~°~°.♣
..>~♣~~~~.♣
♣§~.~~~♣.~..


You could see a swamp dragon (catching breath), a ghost crab, a spectral
six-headed hydra (summoned), a spectral death drake (summoned), a spectral
spriggan air mage (summoned) and 2 spectral fenstrider witches.

Vanquished Creatures
  An eleionoma (Lair:2)
  A boulder beetle (D:10)
  A two-headed ogre (D:10)
  Lodul (D:10)
  A bog body (Swamp:1)
  Pikel (D:7)
  An orange crystal statue (D:10)
  8 elephants (Lair:2)
  2 black mambas
  2 cane toads (Lair:1)
  3 komodo dragons
  2 hornets
  A troll (D:9)
  11 blink frogs
  A spriggan (Swamp:1)
  A shadow (D:8)
  4 basilisks
  14 yaks
  A vampire (D:9)
  9 wyverns
  A steam dragon (D:10)
  A swamp worm (Swamp:1)
  3 acid dragons
  12 water moccasins
  Duvessa (D:6)
  2 swamp drakes (Swamp:1)
  An ice beast (D:7)
  5 orc warriors
  A black bear (D:5)
  A sky beast (D:7)
  9 ogres (D:10)
  6 wolves (Lair:2)
  3 centaurs
  A lemure (D:7)
  3 phantoms (D:5)
  10 bullfrogs
  2 gnoll sergeants
  4 scorpions
  4 wights (D:8)
  Dowan (D:6)
  3 howler monkeys (D:9)
  2 orc priests
  4 hounds
  A gnoll bouda (D:7)
  2 sleepcaps (D:6)
  3 iguanas
  6 orc wizards
  7 adders
  11 gnolls
  A shadow imp (D:7)
  2 white imps
  2 worms
  5 dart slugs
  35 orcs
  8 ball pythons
  6 bats
  6 endoplasms
  5 giant cockroaches
  8 goblins
  4 hobgoblins
  A jackal (D:1)
  7 kobolds
  3 quokkas
  3 frilled lizards (D:1)
  An orc zombie (D:7)
  8 rats
281 creatures vanquished.

Vanquished Creatures (others)
  A goliath frog (Swamp:1)
  An orc wizard (D:8)
2 creatures vanquished.

Grand Total: 283 creatures vanquished

Notes
Turn   | Place    | Note
-------+----------+-------------------------------------------
     0 | D:1      | Maciety the Hill Orc Fighter began the quest for the Orb.
     0 | D:1      | Reached XP level 1. HP: 19/19 MP: 1/1
    41 | D:1      | Reached XP level 2. HP: 27/27 MP: 2/2
   228 | D:1      | Reached skill level 3 in Axes
   232 | D:1      | Reached XP level 3. HP: 10/33 MP: 3/3
   771 | D:1      | Found a faded altar of an unknown god.
   775 | D:1      | Prayed at the altar of an unknown god.
   775 | D:1      | Became a worshipper of Warmaster Okawaru
   775 | D:1      | Reached * piety under Okawaru
  1371 | D:2      | Reached XP level 4. HP: 38/40 MP: 4/4
  1500 | D:2      | Reached skill level 4 in Axes
  2554 | D:3      | Reached XP level 5. HP: 39/46 MP: 5/5
  2608 | D:3      | Found a burning altar of Makhleb.
  2610 | D:3      | You fall into a shaft and drop 2 floors!
  2610 | D:5      | Entered Level 5 of the Dungeon
  2627 | D:5      | Found a glowing drain.
  2680 | D:5      | Found Nubloy Xeow's Armour Boutique.
  2707 | D:5      | Noticed a phantom
  2724 | D:5      | Killed a phantom
  2725 | D:5      | Reached skill level 5 in Axes
  2838 | D:5      | Identified the +10 short sword "Gemest" {venom, MP+9}
  2846 | D:5      | Reached XP level 6. HP: 53/53 MP: 5/6
  2950 | D:5      | Reached ** piety under Okawaru
  2989 | D:5      | Reached skill level 6 in Axes
  2989 | D:5      | Reached skill level 5 in Armour
  3018 | D:5      | Identified the +1 pair of gloves of Disappointment {Will-
                  | Regen+ rCorr}
  3070 | D:5      | Found a snail-covered altar of Cheibriados.
  3180 | D:5      | Reached skill level 1 in Dodging
  3180 | D:5      | Reached XP level 7. HP: 60/60 MP: 7/7
  3228 | D:5      | Reached skill level 1 in Short Blades
  3499 | D:6      | Reached skill level 5 in Fighting
  3499 | D:6      | Reached skill level 1 in Evocations
  3595 | D:6      | Noticed Duvessa
  3595 | D:6      | Noticed Dowan
  3602 | D:6      | Killed Duvessa
  3612 | D:6      | Killed Dowan
  3612 | D:6      | Reached *** piety under Okawaru
  3678 | D:6      | Reached XP level 8. HP: 68/68 MP: 8/8
  4820 | D:7      | Reached skill level 5 in Short Blades
  4837 | D:7      | Noticed Pikel
  4860 | D:7      | Killed Pikel
  4860 | D:7      | Reached **** piety under Okawaru
  4860 | D:7      | Reached ***** piety under Okawaru
  4861 | D:7      | Reached skill level 1 in Stealth
  4861 | D:7      | Reached skill level 5 in Shields
  4861 | D:7      | Reached XP level 9. HP: 77/77 MP: 9/9
  6106 | D:8      | Reached XP level 10. HP: 81/84 MP: 10/10
  6418 | D:9      | Reached skill level 7 in Axes
  6635 | D:9      | Found a shadowy altar of Dithmenos.
  6893 | D:10     | Entered Level 10 of the Dungeon
  6922 | D:10     | Noticed a two-headed ogre
  6934 | D:10     | Killed a two-headed ogre
  6935 | D:10     | Reached skill level 8 in Axes
  6958 | D:10     | Identified the +3 dagger of the Heavens {heavy, rN+}
  6990 | D:10     | Identified the +1 plate armour "Riwnep" {rPois} (Okawaru
                  | gifted it to you on level 10 of the Dungeon)
  6990 | D:10     | Received a gift from Okawaru
  7040 | D:10     | Reached skill level 9 in Axes
  7199 | D:10     | Found Siyt's One-of-a-Kind Rings.
  7223 | D:10     | Noticed Lodul
  7234 | D:10     | Reached ****** piety under Okawaru
  7265 | D:10     | Killed Lodul
  7266 | D:10     | Reached skill level 10 in Axes
  7266 | D:10     | Reached XP level 11. HP: 36/94 MP: 11/11
  7528 | D:10     | Reached skill level 11 in Axes
  7540 | D:10     | Found a staircase to the Lair.
  7662 | D:10     | Reached skill level 12 in Axes
  7920 | D:10     | Reached skill level 13 in Axes
  7989 | D:10     | Noticed a boulder beetle
  8007 | D:10     | Killed a boulder beetle
  8076 | D:10     | Found a runed translucent door.
  8087 | D:10     | Noticed an orange crystal statue
  8316 | D:10     | Found a runed translucent door.
  8316 | D:10     | Found a runed translucent door.
  8318 | D:10     | Found a runed translucent door.
  8443 | D:10     | Noticed a two-headed ogre
  9197 | D:10     | Lost intelligence.
  9211 | D:10     | Killed an orange crystal statue
  9304 | Lair:1   | Entered Level 1 of the Lair of Beasts
  9321 | Lair:1   | Reached skill level 14 in Axes
  9356 | Lair:1   | Identified the +1 ring mail of Viny the Good {rElec}
  9366 | Lair:1   | Identified the amulet "Ruihoe" {Acrobat Will+ Str+3 SInv}
  9435 | Lair:1   | Received a gift from Okawaru
  9604 | Lair:1   | Reached skill level 10 in Armour
  9623 | Lair:1   | Reached XP level 12. HP: 96/104 MP: 12/12
  9660 | Lair:1   | Reached skill level 15 in Axes
 10209 | Lair:2   | Reached skill level 10 in Fighting
 10377 | Lair:2   | Reached skill level 16 in Axes
 10424 | Lair:2   | Found a staircase to the Swamp.
 10459 | Lair:2   | Received a gift from Okawaru
 10601 | Lair:2   | Identified the +9 ring mail of Wu Jian's Wrath {rC+ Int+3}
 11017 | Swamp:1  | Entered Level 1 of the Swamp
 11017 | Swamp:1  | Noticed an eleionoma
 11038 | Lair:2   | Killed an eleionoma
 11039 | Lair:2   | Reached skill level 17 in Axes
 11173 | Swamp:1  | Noticed a ghost crab
 11190 | Swamp:1  | Slain by a spectral fenstrider witch

Illustrated notes

Levels and vault maps discovered:
D:1:      tarquinn_simple_flora_water_b, layout_basic,
          hellmonk_ecumenical_altar_inner_sanctum, minmay_octomino_c4
D:2:      layout_basic, hangedman_decor_peaks_small
D:3:      layout_basic, overflow_temple_1_default
D:5:      layout_gridville, mainiacjoe_overflow_cross_hatched,
          cheibrodos_sewer_entry_bend, serial_shops, shop, moated_statue
D:6:      layout_loops_corners, minmay_misc_feat_five, serial_park_tiny_2,
          minmay_between, uniq_duvessa
D:7:      layout_loops_corners, enter_ossuary_3, uniq_pikel
D:8:      layout_basic
D:9:      layout_rooms, mainiacjoe_overflow_24_doors
D:10:     layout_stronghold, minmay_lair_entry_grove, serial_column_ruins,
          column_ruins_hut_pillars, column_ruins_corridor_straight,
          column_ruins_columns_corner, column_ruins_open_large,
          column_ruins_grid_4, column_ruins_grid_1, nicolae_shop_unique_rings,
          minmay_statue_crystal_thing, uniq_lodul
Lair:1:   layout_chaotic_city, dreamdust_deal_with_the_devil,
          guppyfry_lair_drakes
Lair:2:   layout_misc_corridors, swamp_mist, grunt_megastairs_3
Swamp:1:  layout_falls_marsh, hangedman_swamp_ruin_wall, swamp_pool1,
          nicolae_swamp_necromancy_gone_wrong, uniq_louise

Skill      XL: |  1  2  3  4  5  6  7  8  9 10 11 12 |
---------------+-------------------------------------+-----
Fighting       | 4 5 6 8 9 11 | 11.1
Axes           | 3 4 5 6 10 14 17 | 17.3
Armour         | 4 5 7 8 9 10 11 | 11.0
Shields        | 4 5 |  5.7
Dodging        | 1 2 3 4 |  4.0
Short Blades   | 2 5 7 |  7.5
Evocations     | 1 |  1.1
Stealth        | 1 |  1.8
Invocations    | |  0.3

Action                     |  1- 3 |  4- 6 |  7- 9 | 10-12 || total
---------------------------+-------+-------+-------+-------++-------
  Melee: War axe           |   112 |   107 |       |       ||   219
         Short sword       |       |    49 |   281 |     4 ||   334
         Battleaxe         |       |       |       |   605 ||   605
 Invoke: Heroism           |       |       |       |     4 ||     4
  Evoke: Wand              |       |     3 |       |       ||     3
    Use: Potion            |       |       |       |     2 ||     2
 Armour: Scale mail        |    45 |    53 |    24 |       ||   122
         Chain mail        |       |       |    54 |    19 ||    73
         Troll leather arm |       |       |       |     7 ||     7
         Plate armour      |       |       |       |   281 ||   281
         Ring mail         |       |       |       |    53 ||    53
  Dodge: Dodged            |    64 |   114 |   158 |   665 ||  1001
  Block: Buckler           |    29 |    28 |    39 |       ||    96

Table legend: (Time is in decaauts)
 A = Elapsed time spent in this place.
 B = Non-inter-level travel time spent in this place.
 C = Inter-level travel time spent in this place.
 D = Time resting spent in this place.
 E = Time spent auto-exploring this place.
 F = Levels seen in this place.
 G = Mean time per level.
                   A        B        C        D        E       F      G
               +--------+--------+--------+--------+--------+-----+--------+
         Total |  11386 |  11103 |    283 |   2101 |   5193 |  12 |  948.8 |
       Dungeon |   9427 |   9197 |    230 |   1905 |   4303 |   9 | 1047.4 |
          Lair |   1834 |   1781 |     53 |    196 |    890 |   2 |  917.0 |
         Swamp |    125 |    125 |      0 |      0 |      0 |   1 |  125.0 |
               +--------+--------+--------+--------+--------+-----+--------+

Top non-repeatable levels by time:
    D:10: 2494 daAuts
     D:1: 1212 daAuts
     D:7: 1163 daAuts
     D:2: 1041 daAuts
     D:6: 953 daAuts
  Lair:2: 947 daAuts
  Lair:1: 886 daAuts
     D:5: 844 daAuts
     D:8: 701 daAuts
     D:9: 589 daAuts
     D:3: 427 daAuts
 Swamp:1: 125 daAuts
